 Dungeon Crawl Stone Soup version 0.27-a0-668-gb5737ff2c0 (webtiles) character file.

Game seed: 4957659014257864313

16 Lanoc the Charlatan (level 2, 0/21 HPs)
             Began as a Spriggan Wanderer on Mar 18, 2021.
             Slain by an adder (1 damage)
             ... on level 2 of the Dungeon.
             The game lasted 00:00:53 (320 turns).

Lanoc the Charlatan (Spriggan Wanderer)              Turns: 320, Time: 00:00:54

Health: 0/21       AC: 21    Str:  7    XL:     2   Next: 37%
Magic:  6/6        EV:  4    Int: 14    God:
Gold:   6          SH:  0    Dex: 14    Spells: 6/6 levels left

rFire    . . .     SeeInvis +   a - +0 short sword
rCold    . . .     Faith    .   (shield restricted)
rNeg     + + +     Spirit   .   (armour currently unavailable)
rPois    +         Reflect  .   (helmet currently unavailable)
rElec    .         Harm     .   (cloak currently unavailable)
rCorr    .         Rampage  .   (gloves unavailable)
Will     .....     NoTele   +   (boots unavailable)
Stlth    ++........             (no amulet)
HPRegen  0.07/turn              (no ring)
MPRegen  0.10/turn              (no ring)

@: tree-form (expiring)
A: stationary, stasis, torment immunity, boosted hp, very small, no large
weapons, unfitting armour, see invisible, (speed 3)
a: no special abilities


You were on level 2 of the Dungeon.
You were a tree.
You visited 1 branch of the dungeon, and saw 2 of its levels.

You collected 6 gold pieces.

Inventory:

Hand Weapons
 a - a +0 short sword (weapon)
Missiles
 b - 3 throwing nets (quivered)
Armour
 d - a +0 robe (melded)


   Skills:
 + Level 1.6 Fighting
 - Level 2.1 Short Blades
 + Level 2.5 Dodging
 - Level 1.5 Stealth
 - Level 2.6 Spellcasting
 - Level 1.0 Fire Magic
 - Level 2.6 Evocations


You had 6 spell levels left.
You didn't know any spells.
Your spell library was empty.

Dungeon Overview and Level Annotations

Branches:
Dungeon (2/15)

Altars:


Innate Abilities, Weirdness & Mutations

You are a tree.
Your roots penetrate the ground, keeping you stationary.
You cannot be teleported.
You are immune to unholy pain and torment.
Your maximum health is greatly increased.
Your equipment is partially melded.
You are very small and have problems with some larger weapons.
You are too small for most types of armour.
You have supernaturally acute eyesight. (SInv)
((You cover ground extremely quickly. (Speed+++)))


Message History

You hit the hobgoblin but do no damage. The hobgoblin hits you.
* * * LOW HITPOINT WARNING * * *
You hit the hobgoblin but do no damage. The hobgoblin hits you.
* * * LOW HITPOINT WARNING * * *
You barely miss the hobgoblin.
* * * LOW HITPOINT WARNING * * *
You feel sick. The hobgoblin barely misses you.
You hit the hobgoblin but do no damage. The hobgoblin barely misses you.
You hit the hobgoblin.
The hobgoblin is lightly wounded.
The hobgoblin hits you but does no damage.
You hit the hobgoblin.
The hobgoblin is moderately wounded.
The hobgoblin hits you but does no damage.
You closely miss the hobgoblin.
The hobgoblin is moderately wounded.
* * * LOW HITPOINT WARNING * * *
You feel sick. The hobgoblin barely misses you.
You hit the hobgoblin.
The hobgoblin is almost dead.
Your transformation is almost over.
The hobgoblin hits you but does no damage.
You hit the hobgoblin but do no damage.
The hobgoblin is almost dead.
The hobgoblin hits you but does no damage.
You barely miss the hobgoblin.
The hobgoblin is almost dead.
The hobgoblin hits you but does no damage.
You hit the hobgoblin.
You kill the hobgoblin!
* * * LOW HITPOINT WARNING * * *
You feel sick.
You are no longer poisoned.
Throw: 4 throwing nets
Press: ? - help, Q - select action Shift-Dir - straight line, f - adder
Aim: an adder (38% to hit)
You throw a throwing net.
The throwing net closely misses the adder.
The adder bites you but does no damage. The adder bites you.
You die...

## ##.......#S. #.
##........... ##.
#.(....B.....
#####..#..........g..
#<.....†.##.......... #..
#..##..........
#.###.###..........
#.#...SSg..........
####.#..♣##...........
#...<..####$#.........
##.....................
...............##........
.#.#.....................
#..............#.....>..
#...........####.......
#..........>.. .....
g........###### #


You could see 2 adders and a goblin.

Vanquished Creatures
  An adder (D:2)
  A goblin (D:2)
  A hobgoblin (D:2)
  2 jackals (D:1)
  A bat (D:2)
  A rat (D:2)
7 creatures vanquished.

Notes
Turn   | Place    | Note
-------+----------+-------------------------------------------
     0 | D:1      | Lanoc the Spriggan Wanderer began the quest for the Orb.
     0 | D:1      | Lanoc set off with the following items: a +0 short sword, 4
                  | throwing nets, a potion of lignification, a +0 robe
     0 | D:1      | Reached XP level 1. HP: 10/10 MP: 5/5
   309 | D:2      | Reached XP level 2. HP: 7/14 MP: 6/6
   319 | D:2      | HP: 1/21 [poisoned by an adder]
   320 | D:2      | Slain by an adder

Illustrated notes

Levels and vault maps discovered:
D:1:      amcnicky_arrival_wind_blow, layout_basic, serial_glass,
          glass_columns_b, glass_columns_c, item_on_display_a, feat_on_display,
          feat_on_display, kennysheep_another_room
D:2:      layout_rooms, uniq_natasha

Skill      XL: |  1 |
---------------+----+-----
Dodging        | 2 |  2.5
Fighting       | |  1.6
Short Blades   | |  2.1
Stealth        | |  1.5
Spellcasting   | |  2.6
Fire Magic     | |  1.0
Evocations     | |  2.6

Action                   || total
-------------------------++-------
Melee: Short sword       ||    42
Throw: Throwing net      ||     1
  Use: Potion            ||     1
Armor: Skin              ||    14
       Robe              ||     2
Dodge: Dodged            ||    26

Table legend: (Time is in decaauts)
 A = Elapsed time spent in this place.
 B = Non-inter-level travel time spent in this place.
 C = Inter-level travel time spent in this place.
 D = Time resting spent in this place.
 E = Time spent auto-exploring this place.
 F = Levels seen in this place.
 G = Mean time per level.
                   A        B        C        D        E       F      G
               +--------+--------+--------+--------+--------+-----+--------+
         Total |    285 |    285 |      0 |      0 |    218 |   2 |  142.5 |
       Dungeon |    285 |    285 |      0 |      0 |    218 |   2 |  142.5 |
               +--------+--------+--------+--------+--------+-----+--------+

Top non-repeatable levels by time:
     D:1: 220 daAuts
     D:2: 65 daAuts
